 Dungeon Crawl Stone Soup version 0.32-a0-120-gfac0567ad4 (webtiles) character file.

Game seed: 17757458056067843219

3394 zenocrate the Grappler (level 9, -5/69 HPs)
             Began as a Demonspawn Delver on Feb 6, 2024.
             Was an Initiate of Gozag.
             Slain by a skeletal warrior
             ... wielding a +0 battleaxe
              (20 damage)
             ... on level 7 of the Dungeon.
             The game lasted 00:06:32 (8134 turns).

zenocrate the Grappler (Demonspawn Delver)          Turns: 8134, Time: 00:06:33

Health: -5/69      AC:  7    Str: 17    XL:     9   Next: 75%
Magic:  9/9        EV: 12    Int: 10    God:    Gozag
Gold:   626        SH:  0    Dex: 15    Spells: 5/8 levels left

rFire   . .          .
                       - Unarmed
rCold   . . .        (no shield)
rNeg    . . .        a - +0 leather armour
rPois   .            (helmet restricted)
rElec   .            x - +0 cloak
rCorr   .            (no gloves)
SInv    .            h - +0 pair of boots
Will    .....        (no amulet)
Stlth   +++          (no ring)
HPRegen 0.31/turn    (no ring)
MPRegen 0.11/turn

%: no passive effects
@: gold aura, hasted, very quick
A: horns 2, molten scales 1, demonic guardian 1
a: Renounce Religion, Potion Petition, Call Merchant, Bribe Branch


You were on level 7 of the Dungeon.
You worshipped Gozag.
Gozag was pleased with you.
You visited 2 branches of the dungeon, and saw 8 of its levels.

You collected 693 gold pieces.
You paid 67 gold pieces to Gozag.

Inventory:

Hand Weapons
 n - the +5 scythe "Finisher" {speed, execute}
   (You found it on level 7 of the Dungeon)
Missiles
 t - 6 boomerangs
 u - 4 poisoned darts
Armour
 a - a +0 leather armour (worn)
 h - a +0 pair of boots (worn)
 x - a +0 cloak (worn)
Wands
 f - a wand of digging (10)
 o - a wand of flame (35)
 w - a wand of roots (8)
 F - a wand of paralysis (9)
Scrolls
 b - 2 scrolls of fog
 c - a scroll of revelation
 d - a scroll of acquirement {unknown}
 k - a scroll of immolation {unknown}
 l - 2 scrolls of teleportation {unknown}
 v - 2 scrolls of noise {unknown}
 y - 2 scrolls of enchant armour {unknown}
 A - 4 scrolls of identify {unknown}
 B - 3 scrolls of vulnerability
 C - a scroll of poison {unknown}
Potions
 g - a potion of resistance {unknown}
 i - a potion of degeneration {unknown}
 j - 3 potions of mutation {unknown}
 m - 2 potions of lignification {unknown}
 q - 3 potions of brilliance {unknown}
 r - 2 potions of ambrosia {unknown}
 s - 2 potions of heal wounds {unknown}
 z - 2 potions of invisibility {unknown}
 D - a potion of enlightenment {unknown}
 E - a potion of berserk rage {unknown}


   Skills:
 - Level 6.0 Fighting
 - Level 3.6 Armour
 - Level 1.7 Dodging
 - Level 4.5 Stealth
 * Level 11.3 Unarmed Combat


You had 5 spell levels left.
You knew the following spells:

 Your Spells              Type           Power      Damage    Failure   Level
a - Tukima's Dance        Hex            0%         N/A       80%         3

Your spell library contained the following spells:

 Spells                   Type           Power      Damage    Failure   Level
 Summon Small Mammal      Summ           0%         N/A       41%         1
 Call Canine Familiar     Summ           0%         N/A       80%         3
 Dazzling Flash           Conj/Hex       0%         N/A       80%         3
 Volatile Blastmotes      Fire/Tloc      0%         2d10      80%         3
 Dimensional Bullseye     Hex/Tloc       0%         N/A       99%         4
 Iskenderun's Mystic Bla  Conj/Tloc      0%         2d3       99%         4
 Summon Blazeheart Golem  Fire/Summ      0%         N/A       99%         4
 Starburst                Conj/Fire      0%         6d3       100%        6
 Maxwell's Capacitive Co  Air            0%         ∞         100%        8


Dungeon Overview and Level Annotations

Branches:
Dungeon (7/15)             Temple (1/1) D:5

Altars:
Ashenzari
Cheibriados
Gozag
Hepliaklqana
Makhleb
Nemelex Xobeh
Ru
Trog
Uskayaw
Vehumet
Wu Jian
Xom

Shops:
D:4 :   D:6 (

Annotations:
D:5 2 runed translucent doors, Azoth's ghost, novice DEHu


Innate Abilities, Weirdness & Mutations

You have a pair of horns on your head.
You are partially covered in molten scales. (AC +2)
A weak demonic guardian rushes to your aid.


Message History

You now have 618 gold pieces (gained 7).
A wraith comes into view.
Found the +5 scythe "Finisher" {speed, execute}.
You punch the wraith! Your headbutt misses the wraith.
The wraith is moderately damaged.
The wraith barely misses you.
A wraith is nearby!
A wraith is nearby!
You punch the wraith!
The wraith is heavily damaged.
The wraith misses you.
A wraith is nearby!
You hit the wraith.
The wraith is severely damaged.
The wraith closely misses you.
You hit the wraith.
The wraith is severely damaged.
You punch the wraith!
You destroy the wraith!
No target in view!
You now have 626 gold pieces (gained 8).
No target in view!
A skeletal warrior comes into view. It is wielding a +0 battleaxe.
The skeletal warrior hits you with a +0 battleaxe!
You see here the +5 scythe "Finisher" {speed, execute}.
n - the +5 scythe "Finisher" {speed, execute} The skeletal warrior hits you with a +0 battleaxe!
Adjust (i)tems, (s)pells, or (a)bilities?
Okay, then.
Okay, then.
Okay, then.
You feel yourself speed up.
The skeletal warrior hits you with a +0 battleaxe!!
* * * LOW HITPOINT WARNING * * *
Unknown command.
Okay, then.
The skeletal warrior attacks as it pursues you!
The skeletal warrior hits you with a +0 battleaxe!!
You die...
Your body crumbles into a pile of gold.

### #...###+###.#.#.#####'## ..#
#.#.............##.....#
#######.#..####.#.###.##.....####
..........#..##.##..#.##.........
#.#####.#.#.#..#....#.#####+#.###
#.#........#.##.##.##....#.......
#.#.##....##.#.#.#.##.##.#..#....
#.#.##....#.###z###.#.##'#..#####
#.#.###...##.#.#@#.##.......# #..
#.........##.####..##.......###.#
###.#####.#.#..#..#.#....>...))..
#.##....#..##.##..#.......))#.#
#.##.#..###########.....#####.#
#.##..........................#
###.##...######.#.#........######
....##.....####.........##.# #
................#.#.###.##.# #


You could see a skeletal warrior.

Vanquished Creatures
  A two-headed ogre (D:7)
  Sigmund (D:2)
  3 wraiths (D:7)
  2 water moccasins
  An ice beast (D:6)
  2 orc warriors
  A sky beast (D:7)
  An ogre (D:5)
  A centaur (D:7)
  3 phantoms
  A bullfrog (D:6)
  5 wights (D:7)
  2 howler monkeys (D:4)
  2 bombardier beetles
  A crimson imp (D:5)
  A jelly (D:7)
  2 orc priests
  4 hounds
  A sleepcap (D:5)
  3 orc wizards
  5 iguanas
  Ijyb (D:3)
  4 gnolls
  5 adders
  A shadow imp (D:6)
  2 dart slugs
  2 ribbon worms
  16 orcs
  4 endoplasms
  2 giant cockroaches
  5 goblins
  3 hobgoblins
  3 jackals (D:1)
  A kobold (D:1)
  4 quokkas
  5 ball pythons
  5 bats (D:1)
  4 frilled lizards
  6 rats
116 creatures vanquished.

Vanquished Creatures (collateral kills)
  A water moccasin (D:7)
  A gnoll (D:3)
  An adder (D:3)
  2 orcs (D:4)
5 creatures vanquished.

Grand Total: 121 creatures vanquished

Notes
Turn   | Place    | Note
-------+----------+-------------------------------------------
     0 | D:5      | zenocrate the Demonspawn Delver began the quest for the
                  | Orb.
     0 | D:5      | Reached XP level 1. HP: 18/18 MP: 1/1
    47 | D:3      | Noticed a bombardier beetle
   107 | D:2      | Reached skill level 2 in Unarmed Combat
   107 | D:2      | Gained mutation: You are partially covered in molten
                  | scales. (AC +2) [demonic ancestry]
   107 | D:2      | Reached XP level 2. HP: 15/24 MP: 2/2
   317 | D:1      | Reached skill level 3 in Unarmed Combat
   717 | D:1      | Reached XP level 3. HP: 29/29 MP: 3/3
  1488 | D:2      | Found a faded altar of an unknown god.
  1660 | D:2      | Noticed Sigmund
  1688 | D:2      | Killed Sigmund
  1689 | D:2      | Reached skill level 5 in Unarmed Combat
  1689 | D:2      | Reached XP level 4. HP: 19/35 MP: 4/4
  1689 | D:2      | Gained mutation: A weak demonic guardian rushes to your
                  | aid. [demonic ancestry]
  1689 | D:2      | Reached XP level 5. HP: 22/41 MP: 5/5
  1901 | D:3      | Found a sparkling altar of Nemelex Xobeh.
  1928 | D:3      | Gained mutation: You have a pair of small horns on your
                  | head. [demonic ancestry]
  1928 | D:3      | Reached XP level 6. HP: 10/47 MP: 6/6
  1932 | D:3      | Noticed Ijyb
  2215 | D:3      | Reached skill level 6 in Unarmed Combat
  2385 | D:3      | Killed Ijyb
  2603 | D:3      | Found a hazy altar of Hepliaklqana.
  2975 | D:4      | Reached skill level 1 in Armour
  3119 | D:4      | Reached XP level 7. HP: 23/52 MP: 7/7
  3383 | D:4      | Found Roqug's Book Shoppe.
  3918 | D:5      | Reached skill level 7 in Unarmed Combat
  4231 | D:5      | Found a burning altar of Makhleb.
  4231 | D:5      | Found a radiant altar of Vehumet.
  4370 | D:5      | Found a runed translucent door.
  4371 | D:5      | Noticed Azoth's ghost (novice DEHu)
  4447 | D:5      | Found a staircase to the Ecumenical Temple.
  4457 | Temple   | Entered the Ecumenical Temple
  4486 | Temple   | Became a worshipper of Gozag Ym Sagoz the Greedy
  4542 | D:5      | Found a runed translucent door.
  4828 | D:5      | Reached XP level 8. HP: 26/59 MP: 8/8
  5716 | D:6      | Reached skill level 8 in Unarmed Combat
  5877 | D:6      | Found a hide-covered altar of Uskayaw.
  5897 | D:6      | Reached skill level 5 in Fighting
  6060 | D:6      | Found Pur Lua's Antique Weapon Shoppe.
  6358 | D:6      | Learned a level 3 spell: Tukima's Dance
  6887 | D:7      | Reached skill level 9 in Unarmed Combat
  6952 | D:7      | Gained mutation: You have a pair of horns on your head.
                  | [demonic ancestry]
  6952 | D:7      | Reached XP level 9. HP: 30/69 MP: 9/9
  7354 | D:7      | Noticed a two-headed ogre
  7367 | D:7      | Killed a two-headed ogre
  7368 | D:7      | Reached skill level 10 in Unarmed Combat
  8034 | D:7      | Reached skill level 11 in Unarmed Combat
  8122 | D:7      | Found the +5 scythe "Finisher" {speed, execute}
  8131 | D:7      | Noticed a skeletal warrior
  8134 | D:7      | Slain by a skeletal warrior

Illustrated notes

Levels and vault maps discovered:
D:1:      lordsloth_arrival_two_stooges, layout_basic, serial_glass,
          glass_columns_a, glass_columns_a
D:2:      layout_rooms, hellmonk_ecumenical_altar_pennies_from_heaven,
          uniq_sigmund
D:3:      layout_basic, old_standard_altar, nicolae_hepliaklqana_hazy_memory,
          minmay_cut_off, uniq_ijyb
D:4:      layout_gridville, serial_shops, shop
D:5:      layout_basic, grunt_temple_overflow_lords_of_destruction,
          minmay_temple_entry_hall, ebering_ghost_sewer_f, serial_glass,
          glass_columns_c, glass_columns_b, glass_columns_b, glass_columns_b,
          glass_columns_c, glass_columns_a, minmay_statues_item
D:6:      layout_basic, old_standard_altar, serial_shops, nicolae_shop_trees
D:7:      layout_basic, minmay_guarded_unrand_finisher
Temple:   grunt_temple_mini_profane

Skill      XL: |  1  2  3  4  5  6  7  8  9 |
---------------+----------------------------+-----
Unarmed Combat | 2 3 5 6 7 9 11 | 11.3
Armour         | 2 3 |  3.6
Fighting       | 6 |  6.0
Dodging        | |  1.7
Stealth        | |  4.5

Action                     |  1- 3 |  4- 6 |  7- 9 || total
---------------------------+-------+-------+-------++-------
  Melee: Unarmed           |   132 |   102 |   253 ||   487
         Punch             |     4 |     3 |    20 ||    27
         Headbutt          |       |    17 |    44 ||    61
  Throw: Throwing net      |       |       |     1 ||     1
  Evoke: Wand              |       |       |     2 ||     2
    Use: Scroll            |     1 |       |     2 ||     3
         Potion            |     2 |     1 |     3 ||     6
   Stab: Sleeping          |     8 |     5 |     6 ||    19
         Distracted        |       |       |     1 ||     1
         Paralysed         |       |       |     3 ||     3
         Held in net/web   |       |       |     1 ||     1
 Armour: Leather armour    |    66 |    74 |   155 ||   295
  Dodge: Dodged            |    64 |    71 |   114 ||   249

Table legend: (Time is in decaauts)
 A = Elapsed time spent in this place.
 B = Non-inter-level travel time spent in this place.
 C = Inter-level travel time spent in this place.
 D = Time resting spent in this place.
 E = Time spent auto-exploring this place.
 F = Levels seen in this place.
 G = Mean time per level.
                   A        B        C        D        E       F      G
               +--------+--------+--------+--------+--------+-----+--------+
         Total |   8091 |   7840 |    251 |     59 |   6601 |   8 | 1011.4 |
       Dungeon |   8036 |   7837 |    199 |     59 |   6601 |   7 | 1148.0 |
        Temple |     54 |      2 |     52 |      0 |      0 |   1 |   54.0 |
               +--------+--------+--------+--------+--------+-----+--------+

Top non-repeatable levels by time:
     D:7: 1516 daAuts
     D:5: 1464 daAuts
     D:6: 1199 daAuts
     D:1: 1095 daAuts
     D:4: 995 daAuts
     D:3: 960 daAuts
     D:2: 805 daAuts
  Temple: 54 daAuts
